 Dungeon Crawl Stone Soup version 0.27-a0-1065-ge809cff456 (console) character file.

Game seed: 9199635133607604519

446195 nht the Wrestler (level 23, -6/181 HPs)
             Began as a Demonspawn Artificer on Apr 23, 2021.
             Was the Champion of Okawaru.
             Succumbed to a tengu reaver's bolt of poison
             ... on level 4 of the Vaults.
             The game lasted 02:08:29 (50433 turns).

nht the Wrestler (Demonspawn Artificer)            Turns: 50433, Time: 02:08:29

Health: -6/181     AC: 25    Str: 27    XL:     23   Next: 11%
Magic:  27/32      EV: 13    Int: 14    God:    Okawaru [******]
Gold:   2853       SH: 17    Dex: 20    Spells: 22/22 levels left

rFire    + . .     SeeInvis +     - Unarmed
rCold    + + .     Faith    .   U - +0 kite shield {AC+3}
rNeg     + . .     Spirit   .   E - +4 chain mail of the Garden {rC+ Str-4 Slay+6 SInv}
rPois    .         Reflect  .   (helmet unavailable)
rElec    +         Harm     .   Q - scarf {rC+ rF+}
rCorr    +         Rampage  .   (gloves unavailable)
Will     +++++                  (boots unavailable)
Stlth    ..........             M - amulet of Paranoia {rN+ Will+ Regen+ rCorr SInv}
HPRegen  1.40/turn              j - ring "Matroemp" {AC+4 Str+6 Dex+4}
MPRegen  0.23/turn              S - ring "Xajuix" {Fly rElec Will+++ Str+6 Slay-2}

@: lethally poisoned (-6 -> -25), heroic, finesse-ful, flying
A: claws 3, hooves 3, horns 3, ignite blood 2, spiny 2, bedeviling
}: 2/15 runes: barnacled, gossamer
a: Renounce Religion, Heroism, Finesse


You were on level 4 of the Vaults.
You worshipped Okawaru.
Okawaru was exalted by your worship.
You visited 7 branches of the dungeon, and saw 39 of its levels.
You also visited: Gauntlet and Desolation.

You collected 5603 gold pieces.
You spent 2750 gold pieces at shops.

Inventory:

Missiles
 d - 17 datura-tipped darts
 i - 11 throwing nets
 q - 5 boomerangs (quivered)
 u - 68 silver javelins
 J - 41 javelins
 L - 27 curare-tipped darts
 W - 19 boomerangs of dispersal
 Z - 40 atropa-tipped darts
Armour
 E - the +4 chain mail of the Garden (worn) {rC+ Str-4 Slay+6 SInv}
   (Okawaru gifted it to you on level 4 of the Spider Nest)

   It affects your strength (-4).
   It affects your accuracy and damage with ranged weapons and melee attacks
   (+6).
   It protects you from cold.
   It lets you see invisible.
 Q - a scarf of resistance (worn)
 U - a +0 kite shield of protection (worn)
 Y - the +2 tower shield of Kyfyercho {Fly rC+ Will+}
   (You found it on level 14 of the Dungeon)

   It protects you from cold.
   It grants you flight.
   It increases your willpower.
Jewellery
 j - the ring "Matroemp" (left claw) {AC+4 Str+6 Dex+4}
   (You found it in the Desolation of Salt)

   [ring of protection]

   It affects your AC (+4).
   It affects your strength (+6).
   It affects your dexterity (+4).
 m - a ring of willpower
 x - a +6 ring of strength
 y - the ring of Dorikh {+Blink Will+ Dex+6}
   (You found it on level 12 of the Dungeon)

   [ring of dexterity]

   It affects your dexterity (+6).
   It lets you blink.
   It increases your willpower.
 M - the amulet of Paranoia (around neck) {rN+ Will+ Regen+ rCorr SInv}
   (You found it on level 4 of the Shoals)

   [amulet of regeneration]

   It protects you from negative energy.
   It lets you see invisible.
   It increases your rate of health regeneration.
   It protects you from acid and corrosion.
   It increases your willpower.
 S - the ring "Xajuix" (right claw) {Fly rElec Will+++ Str+6 Slay-2}
   (You took it off a minotaur in a Gauntlet)

   [ring of strength]

   It affects your strength (+6).
   It affects your accuracy and damage with ranged weapons and melee attacks
   (-2).
   It insulates you from electricity.
   It grants you flight.
   It greatly increases your willpower.
Wands
 n - a wand of iceblast (14)
 p - a wand of acid (7)
 s - a wand of polymorph (14)
 I - a wand of charming (14)
 O - a wand of mindburst (7)
 P - a wand of digging (16)
Scrolls
 b - 6 scrolls of enchant armour
 o - 5 scrolls of immolation
 B - 13 scrolls of teleportation
 H - 7 scrolls of blinking
 K - 19 scrolls of identify
 R - 4 scrolls of fog
 V - a scroll of silence
 X - 6 scrolls of magic mapping
Potions
 a - 9 potions of invisibility
 g - 11 potions of haste
 k - 13 potions of lignification
 l - 3 potions of mutation
 r - 22 potions of curing
 t - 10 potions of might
 v - 7 potions of flight
 w - 9 potions of heal wounds
 F - 4 potions of cancellation
 T - 2 potions of resistance
Miscellaneous
 c - a tin of tremorstones (2/2)
 e - a piece from Xom's chessboard (15/15)
 f - a lightning rod (4/4)
 h - a box of beasts
 z - a condenser vane
 C - a phantom mirror
 D - a phial of floods


   Skills:
 + Level 15.1(20.1) Fighting
 - Level 16.0(21.0) Throwing
 + Level 13.9(18.9) Armour
 - Level 0.8(5.8) Dodging
 - Level 0.8(5.8) Stealth
 - Level 15.0(20.0) Shields
 + Level 21.5(26.5) Unarmed Combat
 - Level 12.0 Invocations
 - Level 11.0 Evocations


You had 22 spell levels left.
You didn't know any spells.
Your spell library contained the following spells:

 Spells                   Type           Power      Damage    Failure   Level
 Animate Skeleton         Necr           0%         N/A       65%         1
 Apportation              Tloc           0%         N/A       65%         1
 Corona                   Hex            0%         N/A       65%         1
 Foxfire                  Conj/Fire      0%         2x1d4     65%         1
 Magic Dart               Conj           0%         1d3       65%         1
 Pain                     Necr           0%         1d4       65%         1
 Sandblast                Erth           0%         2d4       65%         1
 Summon Small Mammal      Summ           0%         N/A       65%         1
 Blink                    Tloc           N/A        N/A       80%         2
 Call Imp                 Summ           0%         N/A       80%         2
 Corpse Rot               Necr/Air       N/A        N/A       80%         2
 Ensorcelled Hibernation  Hex/Ice        0%         N/A       80%         2
 Passwall                 Tmut/Erth      0%         N/A       80%         2
 Poisonous Vapours        Pois/Air       0%         N/A       80%         2
 Searing Ray              Conj           0%         3d3       80%         2
 Slow                     Hex            0%         N/A       80%         2
 Static Discharge         Conj/Air       0%         N/A       80%         2
 Sublimation of Blood     Necr           0%         N/A       80%         2
 Wereblood                Tmut           0%         N/A       80%         2
 Call Canine Familiar     Summ           0%         N/A       95%         3
 Confusing Touch          Hex            0%         N/A       95%         3
 Conjure Flame            Conj/Fire      0%         6-21      95%         3
 Dazzling Flash           Conj/Hex       0%         N/A       95%         3
 Frozen Ramparts          Ice            0%         1d2       95%         3
 Gell's Gravitas          Tloc           0%         N/A       95%         3
 Inner Flame              Hex/Fire       0%         N/A       95%         3
 Lesser Beckoning         Tloc           0%         N/A       95%         3
 Mephitic Cloud           Conj/Pois/Air  0%         N/A       95%         3
 Portal Projectile        Hex/Tloc       0%         N/A       95%         3
 Spider Form              Tmut/Pois      0%         N/A       95%         3
 Stone Arrow              Conj/Erth      0%         3d7       95%         3
 Summon Guardian Golem    Hex/Summ       0%         N/A       95%         3
 Swiftness                Air            0%         N/A       95%         3
 Teleport Other           Tloc           0%         N/A       95%         3
 Tukima's Dance           Hex            0%         N/A       95%         3
 Airstrike                Air            0%         N/A       100%        4
 Animate Armour           Summ/Erth      0%         N/A       100%        4
 Animate Dead             Necr           0%         N/A       100%        4
 Cause Fear               Hex            0%         N/A       100%        4
 Dispel Undead            Necr           0%         3d6       100%        4
 Fulminant Prism          Conj/Hex       0%         3d6       100%        4
 Hailstorm                Conj/Ice       0%         3d3       100%        4
 Iskenderun's Mystic Bla  Conj/Tloc      0%         2d3       100%        4
 Leda's Liquefaction      Hex/Erth       0%         N/A       100%        4
 Passage of Golubria      Tloc           N/A        N/A       100%        4
 Petrify                  Tmut/Erth      0%         N/A       100%        4
 Sticky Flame             Conj/Fire      0%         2d3       100%        4
 Summon Ice Beast         Ice/Summ       0%         N/A       100%        4
 Summon Lightning Spire   Summ/Air       0%         N/A       100%        4
 Alistair's Intoxication  Tmut/Pois      0%         N/A       100%        5
 Bolt of Magma            Conj/Fire/Erth 0%         4d4       100%        5
 Borgnjor's Vile Clutch   Necr/Erth      0%         N/A       100%        5
 Excruciating Wounds      Necr           0%         N/A       100%        5
 Fireball                 Conj/Fire      0%         3d3       100%        5
 Iskenderun's Battlesphe  Conj           0%         2d6       100%        5
 Lee's Rapid Deconstruct  Erth           0%         3d5*      100%        5
 Lightning Bolt           Conj/Air       0%         1d11      100%        5
 Silence                  Hex/Air        0%         N/A       100%        5
 Summon Forest            Summ/Tloc      0%         N/A       100%        5
 Yara's Violent Unravell  Hex/Tmut       0%         3d3       100%        5
 Dispersal                Tloc           0%         N/A       100%        6
 Invisibility             Hex            0%         N/A       100%        6
 Iron Shot                Conj/Erth      0%         9d1       100%        6
 Shadow Creatures         Summ           N/A        N/A       100%        6
 Malign Gateway           Summ/Tloc      0%         N/A       100%        7
 Orb of Destruction       Conj           0%         N/A       100%        7
 Spellforged Servitor     Conj/Summ      0%         N/A       100%        7
 Summon Hydra             Summ           0%         N/A       100%        7
 Discord                  Hex            0%         N/A       100%        8
 Disjunction              Tloc           0%         N/A       100%        8
 Ignition                 Fire           0%         3d3       100%        8
 Dragon's Call            Summ           0%         N/A       100%        9
 Shatter                  Erth           0%         3d5*      100%        9
 Tornado                  Air            0%         N/A       100%        9


Dungeon Overview and Level Annotations

Branches:
Dungeon (15/15)            Temple (0/1) D:7            Lair (6/6) D:10
 Shoals (4/4) Lair:4       Spider (4/4) Lair:4        Slime (0/5) Lair:5
    Orc (2/2) D:11            Elf (3/3) Orc:2        Vaults (5/5) D:14
  Crypt (0/3) Vaults:3     Depths (0/5) D:15        Desolation (visited)
Gauntlet (visited)

Altars:
Ashenzari
Cheibriados
Elyvilon
Kikubaaqudgha
Makhleb
Okawaru
Uskayaw
Vehumet
Xom
Yredelemnul
Beogh

Shops:
D:5 (   D:9 (   D:14 !!?   D:15 !   Orc:1 ((([[   Orc:2 *(=*   Elf:1 =[(=*[[
Elf:3 =   Vaults:1 ?

Annotations:
Spider:2 1 runed translucent door, Roxanne; bmj180's ghost, adept DrCj
Vaults:3 Mara


Innate Abilities, Weirdness & Mutations

You have claws for hands.
You have hooves in place of feet.
You have a pair of large horns on your head.
Your demonic aura often causes spilled blood to erupt in flames You are mostly covered in sharp spines.
Your maledictions are enhanced.


Message History

You block the hell knight's attack.
You throw a boomerang. The boomerang hits the tengu reaver!!
The tengu reaver is heavily wounded.
You feel sick.
The tengu reaver is engulfed in blazing flames.
You throw a boomerang.
The boomerang barely misses the tengu reaver.
The boomerang hits the phantasmal warrior!!
The phantasmal warrior is moderately damaged.
You feel sick.
The ironbound convoker casts a spell at the hell knight.
The hell knight seems to grow stronger.
The necromancer casts a spell at itself.
The necromancer flickers and vanishes for a moment.
You block the hell knight's attack.
You claw the hell knight!
The hell knight is almost dead.
You feel sick.
You eviscerate the hell knight!!!
You kill the hell knight!
Okawaru accepts your kill.
You feel sick.
The necromancer seems less brilliant.
The tengu reaver points at you and mumbles some strange words.
The bolt of poison hits you!!!
You are more poisoned.
* * * LOW HITPOINT WARNING * * *
The vault guard is engulfed in blazing flames.
A yaktaur captain comes into view.
* * * LOW HITPOINT WARNING * * *
You feel extremely sick.
The phantasmal warrior blinks!
The hell knight hits you but does no damage.
The vault guard throws a stone.
You block the stone.
The tengu reaver hits you with a +0 battleaxe!
* * * LOW HITPOINT WARNING * * *
The tengu reaver completely misses you. The tengu reaver claws you.
* * * LOW HITPOINT WARNING * * *
The yaktaur captain is engulfed in blazing flames.
You fly upwards.
You die...

█...........................█....
█....)......................█....
█...........................█....
█...........................█....
█.......................)...█....
█...........███████'█.......█....
█...........█.......█.......█....
█...........█.......█.......█....
█...........█...@...█.......█████
█...........█...Q..(█............
█...........█.......█............
█...........█.......█............
█...........█████████............
.................................
.................................


████████████████'██████████████'█ █.......███████████..... You could see a tengu
reaver (empowered).

Vanquished Creatures
  A dread lich (Vaults:5)
  An ancient lich (Vaults:5)
  Mennas (Vaults:2)
  Bai Suzhen (Shoals:4)
  2 tentacled monstrosities (Vaults:5)
  2 deep elf blademasters (Elf:3)
  2 quicksilver dragons (Vaults:5)
  Frances (Shoals:2)
  2 deep elf master archers (Elf:3)
  Polyphemus (Shoals:4)
  A kraken (Shoals:3)
  Gastronok (Lair:3)
  2 tengu reavers (Vaults:5)
  2 storm dragons (Vaults:5)
  A sphinx (Vaults:2)
  A shadow dragon (Vaults:5)
  An iron dragon (Vaults:5)
  A fire giant (Vaults:5)
  5 deep elf sorcerers
  A frost giant (Vaults:5)
  Louise (Spider:2)
  17 vault wardens
  3 ghost moths
  An orc warlord (Orc:1)
  4 emperor scorpions
  4 imperial myrmidons (Desolation)
  Aizul (Spider:2)
  7 deep elf elementalists (Elf:3)
  20 very ugly things
  17 ironbound preservers
  3 war gargoyles
  4 stone giants
  A stone giant (shapeshifter) (Vaults:5)
  The ghost of T2blue the Severer, a journeyman MiBe of Trog (Orc:2)
  5 deep elf demonologists
  Azrael (Orc:2)
  9 deep elf annihilators (Elf:3)
  8 dire elephants
  3 entropy weavers
  2 halazid warlocks (Desolation)
  4 spark wasps (Spider:4)
  2 minotaurs
  A merfolk javelineer (Orc:2)
  4 ettins (Vaults:5)
  7 crystal guardians
  10 deep elf death magi
  Snorg (Lair:3)
  8 merfolk impalers
  6 deep elf high priests
  4 great orbs of eyes
  12 yaktaur captains
  5 ragged hierophants (Desolation)
  A hell beast (Gauntlet)
  10 hydras
  24 vault guards
  7 ironbound thunderhulks
  12 peacekeepers
  7 boulder beetles
  5 servants of whispers (Desolation)
  4 ironbound frosthearts
  A catoblepas (Shoals:4)
  A hydra (shapeshifter) (Gauntlet)
  2 two-headed ogres
  An alligator snapping turtle (Shoals:3)
  2 merfolk avatars (Shoals:4)
  8 centaur warriors
  4 merfolk aquamancers
  27 dancing weapons
  3 tengu warriors
  3 death yaks (Shoals:4)
  5 large abominations (Elf:1)
  8 ironbound beastmasters
  32 deep elf knights
  4 hell knights (Vaults:5)
  3 skeletal warriors (D:14)
  12 sea snakes
  33 deep trolls
  11 wizards
  A flayed ghost (Vaults:2)
  18 ironbound convokers
  A golden dragon skeleton (Vaults:2)
  19 deep elf archers
  4 lindwurms
  24 harpies
  3 orc knights
  A phantasmal warrior (Vaults:5)
  3 necromancers
  29 wolf spiders
  31 deep elf pyromancers
  8 orc sorcerers
  31 deep elf zephyrmancers
  A stone giant zombie (Vaults:2)
  A mana viper (shapeshifter) (Vaults:2)
  19 orb spiders
  2 oklob plants
  5 cyclopes
  5 fauns
  13 manticores
  A sphinx skeleton (Vaults:1)
  2 moths of wrath
  35 ugly things
  A guardian serpent (shapeshifter) (D:13)
  5 black mambas
  9 elephants
  3 naga magi (D:15)
  Maurice (D:8)
  6 merfolk sirens
  A molten gargoyle (Desolation)
  2 guardian serpents (Desolation)
  25 vault sentinels
  4 water nymphs
  An ice statue (Lair:1)
  11 cane toads
  A gargoyle (D:12)
  A torpor snail (Lair:5)
  3 centaur skeletons (D:15)
  25 yaktaurs
  3 rime drakes (Lair:6)
  Maggie (D:8)
  An efreet (D:15)
  5 komodo dragons
  2 freezing wraiths
  24 demonic crawlers
  7 trolls
  19 polar bears
  3 harpy zombies (Shoals:1)
  2 merfolk (shapeshifter)
  A hornet (shapeshifter) (D:15)
  32 merfolk
  29 jumping spiders
  9 wind drakes
  13 hornets
  2 raiju (Lair:6)
  14 black bears
  25 slime creatures
  29 saltlings (Desolation)
  17 blink frogs
  An ettin zombie (Vaults:1)
  Grinder (D:3)
  7 dream sheep (Lair:5)
  A dream sheep (shapeshifter) (Gauntlet)
  7 snapping turtles
  7 shadows
  14 flying skulls (Gauntlet)
  21 tarantellas
  55 redbacks
  A tarantella (shapeshifter) (D:14)
  49 yaks
  An air elemental (Elf:1)
  3 wraiths
  8 water elementals
  2 hogs (shapeshifter)
  10 wyverns
  2 basilisks
  2 golden eyes (shapeshifter)
  5 fire elementals
  10 humans (D:14)
  6 vampire mosquitoes
  A hog (D:7)
  A yaktaur simulacrum (Vaults:1)
  3 acid dragons
  13 wargs
  13 water moccasins
  18 hell hounds
  2 human skeletons (Vaults:2)
  3 sky beasts
  18 orc warriors
  67 wolves
  2 manticore zombies (Shoals:1)
  8 ogres
  2 human zombies
  7 boggarts
  A necrophage (D:8)
  8 centaurs
  A phantom (D:4)
  3 kobold brigands
  2 elf zombies (Elf:1)
  10 bullfrogs
  2 scorpions (D:6)
  5 earth elementals
  7 wights
  8 electric eels
  5 howler monkeys
  3 jellies
  A bullfrog zombie (D:5)
  3 centaur zombies
  4 hounds
  A gnoll shaman (D:7)
  13 orc priests
  42 orc wizards
  4 hell rats (Lair:1)
  2 iguanas (D:5)
  A killer bee zombie (D:8)
  2 hound skeletons
  A howler monkey skeleton (D:7)
  9 gnolls
  4 adders
  A white imp (D:8)
  An ufetubus (D:4)
  An adder skeleton (D:4)
  2 worms (D:2)
  3 dart slugs (D:1)
  79 orcs
  10 ball pythons
  8 endoplasms
  3 giant cockroaches
  7 goblins
  5 hobgoblins
  8 jackals
  3 quokkas
  6 bats
  5 frilled lizards
  19 kobolds
  3 rats
  3 tentacles (Shoals:3)
1710 creatures vanquished.

Vanquished Creatures (collateral kills)
  Harold (D:8)
  A deep troll (Vaults:3)
  A wizard (Vaults:3)
  An ugly thing (Vaults:3)
  A water nymph (Shoals:4)
  A dart slug (D:2)
  An orc (D:5)
  A hobgoblin (D:2)
  A quokka (D:2)
9 creatures vanquished.

Vanquished Creatures (others)
  A deep elf high priest (Elf:3)
  A deep elf pyromancer (Elf:2)
  A deep elf zephyrmancer (Elf:2)
  2 saltlings (Desolation)
  An orc priest (Orc:1)
  2 orcs
  A jackal (D:2)
  A kobold (D:2)
  14 fungi
  72 plants
  A tentacle (Shoals:3)
  A withered plant (Desolation)
98 creatures vanquished.

Grand Total: 1817 creatures vanquished

Notes
Turn   | Place    | Note
-------+----------+-------------------------------------------
     0 | D:1      | nht the Demonspawn Artificer began the quest for the Orb.
     0 | D:1      | Reached XP level 1. HP: 15/15 MP: 1/1
   111 | D:1      | Gained mutation: You have large cloven feet. [demonic
                  | ancestry]
   111 | D:1      | Reached XP level 2. HP: 21/21 MP: 2/2
   669 | D:1      | Gained mutation: You have sharp fingernails. [demonic
                  | ancestry]
   669 | D:1      | Reached XP level 3. HP: 26/26 MP: 3/3
   896 | D:1      | Found a faded altar of an unknown god.
  1397 | D:1      | Became a worshipper of Warmaster Okawaru
  1397 | D:1      | Reached * piety under Okawaru
  1452 | D:2      | Reached skill level 1 in Unarmed Combat
  2159 | D:2      | Gained mutation: Your demonic aura sometimes causes spilled
                  | blood to erupt in flames [demonic ancestry]
  2159 | D:2      | Reached XP level 4. HP: 32/32 MP: 4/4
  2191 | D:2      | Reached skill level 2 in Unarmed Combat
  3507 | D:3      | Noticed Grinder
  3519 | D:3      | Killed Grinder
  3520 | D:3      | Reached skill level 4 in Unarmed Combat
  3520 | D:3      | Gained mutation: You have hoof-like feet. [demonic
                  | ancestry]
  3520 | D:3      | Reached XP level 5. HP: 37/37 MP: 2/5
  3520 | D:3      | Gained mutation: You have very sharp fingernails. [demonic
                  | ancestry]
  3520 | D:3      | Reached XP level 6. HP: 43/43 MP: 2/6
  4106 | D:4      | Reached skill level 5 in Unarmed Combat
  4347 | D:4      | You fall into a shaft and drop 2 floors!
  4439 | D:6      | Reached skill level 1 in Invocations
  4658 | D:5      | Entered Level 5 of the Dungeon
  4670 | D:5      | Reached ** piety under Okawaru
  4932 | D:5      | Reached XP level 7. HP: 30/48 MP: 6/9
  5209 | D:5      | Reached skill level 6 in Unarmed Combat
  5818 | D:5      | Found Muisotea's Antique Weapon Boutique.
  6162 | D:4      | Reached skill level 5 in Invocations
  6820 | D:6      | Gained mutation: You are partially covered in sharp spines.
                  | [demonic ancestry]
  6820 | D:6      | Reached XP level 8. HP: 27/54 MP: 12/12
  7247 | D:6      | Identified the +3 leather armour of Kaschit {Will+ Slay+3
                  | SInv}
  7280 | D:6      | Reached *** piety under Okawaru
  7561 | D:6      | Reached skill level 7 in Unarmed Combat
  8255 | D:7      | Found a huge runed translucent gate.
  8256 | D:7      | Found a huge runed translucent gate.
  8257 | D:7      | Found a huge runed translucent gate.
  8257 | D:7      | Noticed a polar bear
  8258 | D:7      | Found a huge runed translucent gate.
  8258 | D:7      | Noticed a polar bear
  8258 | D:7      | Noticed a polar bear
  8258 | D:7      | Noticed a manticore
  8259 | D:7      | Noticed a polar bear
  8259 | D:7      | Noticed a polar bear
  8260 | D:7      | Noticed a polar bear
  8314 | D:8      | Noticed Harold
  8320 | D:8      | Killed Harold
  8321 | D:8      | Reached skill level 8 in Unarmed Combat
  8321 | D:8      | Gained mutation: You have a pair of small horns on your
                  | head. [demonic ancestry]
  8321 | D:8      | Reached XP level 9. HP: 44/59 MP: 13/15
  8717 | D:7      | Reached skill level 9 in Unarmed Combat
  8730 | D:7      | Found a staircase to the Ecumenical Temple.
  8960 | D:8      | Noticed Maurice
  8969 | D:8      | Killed Maurice
  8969 | D:8      | Reached **** piety under Okawaru
  9180 | D:8      | Reached skill level 10 in Unarmed Combat
  9293 | D:8      | Paralysed by a hornet for 3 turns
  9637 | D:8      | Noticed Maggie
  9644 | D:8      | Killed Maggie
  9644 | D:8      | Reached ***** piety under Okawaru
  9645 | D:8      | Reached skill level 11 in Unarmed Combat
  9645 | D:8      | Gained mutation: Your demonic aura often causes spilled
                  | blood to erupt in flames [demonic ancestry]
  9645 | D:8      | Reached XP level 10. HP: 65/65 MP: 16/16
  9872 | D:8      | Reached skill level 1 in Throwing
 10114 | D:9      | Received a gift from Okawaru
 10160 | D:9      | Noticed a two-headed ogre
 10191 | D:9      | Killed a two-headed ogre
 10204 | D:9      | Found Defixuse's Weapon Shoppe.
 10255 | D:9      | Bought 8 datura-tipped darts for 38 gold pieces
 10852 | D:9      | Found a faded altar of an unknown god.
 10852 | D:9      | Found an ancient bone altar of Kikubaaqudgha.
 10859 | D:9      | Found a burning altar of Makhleb.
 10861 | D:9      | Found a snail-covered altar of Cheibriados.
 11166 | D:10     | Entered Level 10 of the Dungeon
 11292 | D:10     | Received a gift from Okawaru
 11293 | D:10     | Reached skill level 12 in Unarmed Combat
 11336 | D:10     | Reached skill level 5 in Throwing
 11361 | D:10     | Found a staircase to the Lair.
 11497 | D:10     | Received a gift from Okawaru
 11528 | D:10     | Found a hide-covered altar of Uskayaw.
 11657 | D:10     | Found a radiant altar of Vehumet.
 11690 | D:10     | You fall into a shaft and drop 2 floors!
 11694 | D:12     | Gained mutation: You have claws for hands. [demonic
                  | ancestry]
 11694 | D:12     | Reached XP level 11. HP: 63/70 MP: 12/17
 12368 | D:11     | Received a gift from Okawaru
 12451 | D:11     | Noticed a green ugly thing
 12463 | D:11     | Killed a green ugly thing
 12464 | D:11     | Received a gift from Okawaru
 12780 | D:11     | Found a staircase to the Orcish Mines.
 13061 | Orc:1    | Entered Level 1 of the Orcish Mines
 13061 | Orc:1    | Found Kacekod's Armour Emporium.
 13062 | Orc:1    | Found Taoti's Armour Emporium.
 13073 | Orc:1    | Received a gift from Okawaru
 13075 | Orc:1    | Noticed an orc knight
 13084 | Orc:1    | Killed an orc knight
 13207 | Orc:2    | Entered Level 2 of the Orcish Mines
 13207 | Orc:2    | Noticed Azrael
 13386 | Lair:1   | Entered Level 1 of the Lair of Beasts
 13397 | Lair:2   | Reached ****** piety under Okawaru
 13485 | Lair:1   | Received a gift from Okawaru
 13486 | Lair:1   | Reached skill level 13 in Unarmed Combat
 13527 | Lair:1   | Reached skill level 5 in Fighting
 13608 | Lair:1   | Reached XP level 12. HP: 74/86 MP: 16/18
 13617 | Lair:1   | Noticed a five-headed hydra
 13741 | Lair:1   | Received a gift from Okawaru
 13764 | Lair:1   | Found a gate leading to a gauntlet.
 13773 | Gauntlet | Entered a Gauntlet
 13773 | Gauntlet | Found a transporter.
 13857 | Gauntlet | Found a transporter.
 13860 | Gauntlet | Found a transporter.
 13861 | Gauntlet | Found a transporter.
 13869 | Gauntlet | Found a transporter.
 13872 | Gauntlet | Found a transporter.
 13873 | Gauntlet | Found a transporter.
 13877 | Gauntlet | Noticed a hell beast
 13885 | Gauntlet | Found a transporter.
 13886 | Gauntlet | Found a transporter.
 13886 | Gauntlet | Found a transporter.
 13890 | Gauntlet | Found a runed translucent door.
 13892 | Gauntlet | Found a runed translucent door.
 13894 | Gauntlet | Found a transporter.
 13897 | Gauntlet | Found a transporter.
 13898 | Gauntlet | Found a transporter.
 13904 | Gauntlet | Found a runed translucent gate.
 13906 | Gauntlet | Found a transporter.
 13907 | Gauntlet | Found a runed translucent gate.
 13908 | Gauntlet | Found a runed translucent gate.
 13942 | Gauntlet | Noticed a two-headed ogre
 13942 | Gauntlet | a floating eye changed into a two-headed ogre
 13949 | Gauntlet | a two-headed ogre changed into a slime creature
 13950 | Gauntlet | Noticed an ettin
 13950 | Gauntlet | a slime creature changed into an ettin
 14017 | Gauntlet | Received a gift from Okawaru
 14060 | Gauntlet | Killed a hell beast
 14062 | Gauntlet | Noticed a two-headed ogre
 14064 | Gauntlet | Noticed an alligator
 14064 | Gauntlet | a two-headed ogre changed into an alligator
 14261 | Gauntlet | Noticed an ice dragon
 14262 | Gauntlet | an ice dragon changed into a slime creature
 14264 | Gauntlet | Noticed a great orb of eyes
 14264 | Gauntlet | a slime creature changed into a great orb of eyes
 14266 | Gauntlet | Noticed an ettin
 14266 | Gauntlet | a great orb of eyes changed into an ettin
 14270 | Gauntlet | an ettin changed into a goliath frog
 14273 | Gauntlet | Noticed a seven-headed hydra
 14273 | Gauntlet | a goliath frog changed into a seven-headed hydra
 14279 | Gauntlet | Killed a seven-headed hydra
 14321 | Gauntlet | Reached skill level 14 in Unarmed Combat
 14338 | Gauntlet | wtf is the shit loot
 14480 | Gauntlet | Identified the +5 scale mail of the Lonely Bounties {Harm
                  | rCorr Int+4 Dex-5}
 14480 | Gauntlet | Identified the ring "Xajuix" {Fly rElec Will+++ Str+6
                  | Slay-2}
 14480 | Gauntlet | Noticed a minotaur
 14489 | Gauntlet | Killed a minotaur
 14498 | Gauntlet | Identified the +2 ring mail "Talav" {Dex+5}
 14501 | Gauntlet | Identified the Volume of Translocation
 14628 | Lair:1   | Killed a five-headed hydra
 14869 | Lair:1   | Reached skill level 1 in Shields
 14878 | Lair:1   | Identified the +9 hunting sling "Nigurium" {vorpal, rPois
                  | Will- rCorr Str+4}
 15488 | Lair:2   | Reached XP level 13. HP: 80/98 MP: 15/19
 15492 | Lair:2   | Received a gift from Okawaru
 15943 | Lair:2   | Identified the +9 arbalest of Unpleasantness {elec, rPois
                  | rN+ Int-3} (Okawaru gifted it to you on level 2 of the Lair
                  | of Beasts)
 15943 | Lair:2   | Received a gift from Okawaru
 16479 | Lair:3   | Noticed Gastronok
 16497 | Lair:3   | Killed Gastronok
 16498 | Lair:3   | Reached skill level 10 in Throwing
 16706 | Lair:3   | Noticed Snorg
 16711 | Lair:3   | Killed Snorg
 17311 | Lair:4   | Identified a scroll of acquirement
 17314 | Lair:4   | Acquired a +2 cloak of stealth
 17475 | Lair:4   | Found a hole to the Spider Nest.
 17605 | Lair:4   | Received a gift from Okawaru
 17794 | Lair:4   | Found a staircase to the Shoals.
 18318 | Lair:5   | Reached skill level 15 in Unarmed Combat
 18510 | Lair:5   | oops
 19028 | Lair:5   | Found a staircase to the Slime Pits.
 19143 | Lair:5   | Received a gift from Okawaru
 19155 | Lair:5   | Gained mutation: You have a pair of horns on your head.
                  | [demonic ancestry]
 19155 | Lair:5   | Reached XP level 14. HP: 70/106 MP: 12/20
 19167 | Lair:5   | Reached skill level 5 in Shields
 19813 | Lair:6   | Entered Level 6 of the Lair of Beasts
 19820 | Lair:6   | Received a gift from Okawaru
 20232 | Lair:6   | Received a gift from Okawaru
 22123 | D:7      | Reached skill level 10 in Fighting
 22303 | Orc:2    | Killed Azrael
 22585 | Orc:2    | Found a runed translucent gate.
 22585 | Orc:2    | Found a runed translucent gate.
 22586 | Orc:2    | Found a runed translucent gate.
 22590 | Orc:2    | Noticed T2blue's ghost (journeyman MiBe)
 22684 | Orc:2    | Received a gift from Okawaru
 23101 | Orc:1    | Found Xuvoyfy's Antique Weapon Shoppe.
 23101 | Orc:1    | Noticed an orc warlord
 23120 | Orc:1    | oops
 23356 | Orc:1    | Killed an orc warlord
 23663 | Orc:1    | Found Beid Gie's Weapon Boutique.
 23670 | Orc:1    | Bought 5 silver boomerangs for 97 gold pieces
 23683 | Orc:1    | Found Hicocs's Antique Weapon Shoppe.
 23690 | Orc:1    | Reached XP level 15. HP: 80/116 MP: 14/21
 23941 | Orc:2    | Found a staircase to the Elven Halls.
 24123 | Orc:2    | Found Vessava's Assorted Antiques.
 24123 | Orc:2    | Found Jaffoiptale's Jewellery Shop.
 24125 | Orc:2    | Identified the +8 rapier "Joun" {vorpal, rF++} (Okawaru
                  | gifted it to you on level 2 of the Orcish Mines)
 24125 | Orc:2    | Received a gift from Okawaru
 24179 | Orc:2    | Bought a potion of curing for 78 gold pieces
 24242 | Orc:2    | Found Wamycle's Antique Weapon Shoppe.
 24299 | Orc:2    | Found Muppeopt's Assorted Antiques.
 24333 | Orc:2    | Bought a wand of charming (1) for 80 gold pieces
 24333 | Orc:2    | Bought a wand of iceblast (7) for 160 gold pieces
 24360 | Orc:2    | Found an iron altar of Okawaru.
 24369 | Orc:2    | Killed T2blue's ghost
 24387 | Orc:2    | Reached skill level 16 in Unarmed Combat
 24499 | Orc:2    | Identified the +8 demon trident of Defilement {elec, rN+}
 24500 | Orc:2    | Identified the Volume of Dark Air
 24991 | D:12     | Identified the +0 ring mail of Kynateg {rN+}
 25073 | D:12     | Received a gift from Okawaru
 25262 | D:12     | Identified the ring of Dorikh {+Blink Will+ Dex+6}
 25776 | D:14     | Found Iwairpha's Magic Scroll Boutique.
 25780 | D:14     | Bought a scroll of immolation for 52 gold pieces
 25780 | D:14     | Bought a scroll of fear for 52 gold pieces
 25780 | D:14     | Bought a scroll of immolation for 52 gold pieces
 25780 | D:14     | Bought a scroll of magic mapping for 52 gold pieces
 25780 | D:14     | Bought a scroll of magic mapping for 52 gold pieces
 25848 | D:14     | Received a gift from Okawaru
 26072 | D:14     | Found Demiur's Distillery.
 26081 | D:14     | Bought a potion of curing for 48 gold pieces
 26081 | D:14     | Bought a potion of invisibility for 128 gold pieces
 26081 | D:14     | Bought a potion of mutation for 128 gold pieces
 26081 | D:14     | Bought a potion of curing for 48 gold pieces
 26081 | D:14     | Bought a potion of heal wounds for 80 gold pieces
 26081 | D:14     | Bought a potion of curing for 48 gold pieces
 26081 | D:14     | Bought a potion of invisibility for 128 gold pieces
 26112 | D:14     | Received a gift from Okawaru
 26126 | D:14     | Found a gate to the Vaults.
 26140 | D:14     | Identified the +2 tower shield of Kyfyercho {Fly rC+ Will+}
 26288 | D:14     | Found Suewk's Book Emporium.
 26510 | D:14     | Found a broken altar of Ashenzari.
 26512 | D:14     | Found Seip's Distillery.
 26521 | D:14     | Bought a potion of haste for 170 gold pieces
 26521 | D:14     | Bought a potion of curing for 51 gold pieces
 26521 | D:14     | Bought a potion of curing for 51 gold pieces
 26521 | D:14     | Bought 2 potions of curing for 102 gold pieces
 26521 | D:14     | Bought a potion of lignification for 51 gold pieces
 26521 | D:14     | Bought a potion of might for 68 gold pieces
 26521 | D:14     | Bought a potion of invisibility for 136 gold pieces
 26731 | D:14     | Received a gift from Okawaru
 26983 | D:15     | Entered Level 15 of the Dungeon
 27048 | D:15     | Found Uczah's Distillery.
 27054 | D:15     | Bought a potion of resistance for 120 gold pieces
 27054 | D:15     | Bought a potion of curing for 36 gold pieces
 27054 | D:15     | Bought a potion of might for 48 gold pieces
 27054 | D:15     | Bought a potion of resistance for 120 gold pieces
 27054 | D:15     | Bought a potion of haste for 120 gold pieces
 27054 | D:15     | Bought a potion of lignification for 36 gold pieces
 27054 | D:15     | Bought a potion of lignification for 36 gold pieces
 27054 | D:15     | Bought a potion of cancellation for 96 gold pieces
 27054 | D:15     | Bought a potion of heal wounds for 60 gold pieces
 27347 | D:15     | Received a gift from Okawaru
 27376 | D:15     | Found a staircase to the Depths.
 27387 | D:15     | Received a gift from Okawaru
 27766 | D:15     | Reached skill level 5 in Armour
 28476 | Shoals:1 | Entered Level 1 of the Shoals
 28542 | Shoals:1 | Received a gift from Okawaru
 28672 | Shoals:1 | Gained mutation: You have hooves in place of feet. [demonic
                  | ancestry]
 28672 | Shoals:1 | Reached XP level 16. HP: 125/125 MP: 22/22
 28946 | Shoals:1 | Identified the +6 shortbow of Earthquakes {speed, Contam
                  | +Blink rC+ rCorr} (Okawaru gifted it to you on level 1 of
                  | the Shoals)
 28946 | Shoals:1 | Received a gift from Okawaru
 30507 | Shoals:2 | Noticed Frances
 30518 | Shoals:2 | Killed Frances
 31420 | Shoals:3 | Received a gift from Okawaru
 31611 | Shoals:3 | Noticed a kraken
 31648 | Shoals:3 | Killed a kraken
 31649 | Shoals:3 | Reached skill level 10 in Shields
 32136 | Shoals:3 | Received a gift from Okawaru
 32137 | Shoals:3 | Reached skill level 17 in Unarmed Combat
 32353 | Shoals:3 | Received a gift from Okawaru
 32482 | Shoals:3 | Received a gift from Okawaru
 32891 | Shoals:4 | Entered Level 4 of the Shoals
 33467 | Shoals:4 | Noticed Polyphemus
 33536 | Shoals:4 | Received a gift from Okawaru
 33767 | Shoals:4 | Received a gift from Okawaru
 33786 | Shoals:4 | Noticed Bai Suzhen
 33799 | Shoals:4 | Killed Bai Suzhen
 33800 | Shoals:4 | Reached XP level 17. HP: 76/131 MP: 13/23
 33815 | Shoals:4 | Killed Polyphemus
 33840 | Shoals:4 | Identified the +2 ring mail of Understanding {rN+} (Okawaru
                  | gifted it to you on level 4 of the Shoals)
 33840 | Shoals:4 | Received a gift from Okawaru
 34681 | Shoals:4 | Got a barnacled rune of Zot
 35413 | Shoals:4 | Identified the amulet of Paranoia {rN+ Will+ Regen+ rCorr
                  | SInv}
 35750 | Spider:1 | Entered Level 1 of the Spider Nest
 35961 | Spider:1 | shit defenses this time
 36668 | Spider:2 | Noticed Louise
 36678 | Spider:2 | Killed Louise
 36712 | Spider:2 | Found a runed translucent door.
 36713 | Spider:2 | Found a shimmering altar of Xom.
 36713 | Spider:2 | Noticed bmj180's ghost (adept DrCj)
 36797 | Spider:2 | Noticed Aizul
 36810 | Spider:2 | Killed Aizul
 36862 | Spider:2 | Received a gift from Okawaru
 36869 | Spider:2 | Identified Roxanne's Almanac of Shape Shifting
 36869 | Spider:2 | Noticed Roxanne
 37029 | Spider:2 | Reached skill level 15 in Throwing
 37507 | Spider:3 | Reached skill level 18 in Unarmed Combat
 37834 | Spider:4 | Entered Level 4 of the Spider Nest
 38287 | Spider:4 | Identified the +4 chain mail of the Garden {rC+ Str-4
                  | Slay+6 SInv} (Okawaru gifted it to you on level 4 of the
                  | Spider Nest)
 38287 | Spider:4 | Received a gift from Okawaru
 38289 | Spider:4 | Reached XP level 18. HP: 138/138 MP: 20/24
 38978 | Spider:4 | Got a gossamer rune of Zot
 39298 | Elf:1    | Entered Level 1 of the Elven Halls
 39329 | Elf:1    | Found Casity's Jewellery Shoppe.
 39409 | Elf:1    | Found a radiant altar of Vehumet.
 39422 | Elf:1    | Found Dosm's Antique Armour Boutique.
 39426 | Elf:1    | Found Apaamm's Assorted Antiques.
 39438 | Elf:1    | Bought a glowing brown potion for 28 gold pieces
 39515 | Elf:1    | Found Bargh's Armour Shop.
 39663 | Elf:1    | Found Voecesm's Weapon Boutique.
 39807 | Elf:1    | Received a gift from Okawaru
 40108 | Elf:1    | Found Qimaa's Jewellery Shop.
 40181 | Elf:1    | Identified Siorphai's Collected Works on Evil Rites
 40320 | Elf:1    | Found Yvifuas's Armour Emporium.
 40796 | Elf:2    | Reached XP level 19. HP: 89/145 MP: 21/26
 40999 | Elf:2    | Reached skill level 10 in Invocations
 41079 | Elf:2    | Identified the +5 double sword of Linearity {drain, rCorr
                  | Int+3 Dex+4} (Okawaru gifted it to you on level 2 of the
                  | Elven Halls)
 41079 | Elf:2    | Received a gift from Okawaru
 41223 | Elf:2    | Found a huge runed translucent gate.
 41223 | Elf:2    | Found a huge runed translucent gate.
 41223 | Elf:2    | Found a huge runed translucent gate.
 41223 | Elf:2    | Found a huge runed translucent gate.
 41225 | Elf:2    | Found a huge runed translucent gate.
 41660 | Elf:2    | Reached skill level 19 in Unarmed Combat
 41899 | Elf:3    | Entered Level 3 of the Elven Halls
 41900 | Elf:3    | Found Jossuwke's Jewellery Shoppe.
 41983 | Elf:3    | Received a gift from Okawaru
 41995 | Elf:3    | Received a gift from Okawaru
 42227 | Elf:3    | Identified the +11 lajatang of the Vendetta {distort,
                  | Int+2}
 42315 | Elf:3    | Received a gift from Okawaru
 42319 | Elf:3    | Identified the +7 long sword of the Realm of Zot {holy,
                  | rPois rF+ Dex-2}
 42515 | Elf:3    | Identified the +0 cloak of the Prince of Darkness {Str+5}
 42588 | Elf:3    | Identified Piocs's Collected Works on the Igneous Compass
 42630 | Elf:3    | Identified Sif Muna's Guide on Ensnaring Stones
 42655 | Elf:3    | Found the +9 staff of Wucad Mu {*channel}
 42697 | Elf:3    | Identified Sif Muna's Incunabulum of Creative Fire
 42701 | Elf:3    | Identified the ring "Gohit" {*Slow rPois rN+ rCorr Dex+6}
 42761 | Elf:3    | Reached XP level 20. HP: 155/155 MP: 29/29
 43493 | Vaults:1 | Entered Level 1 of the Vaults
 43679 | Vaults:1 | Found Tugajell's Magic Scroll Shoppe.
 43690 | Vaults:1 | Bought a scroll of fog for 40 gold pieces
 43690 | Vaults:1 | Bought a scroll of teleportation for 60 gold pieces
 43785 | Vaults:1 | Found a ruined gateway.
 43802 | Desolati | Entered the Desolation of Salt
 43884 | Desolati | Identified the Incunabulum of Confrontation
 43892 | Desolati | Identified the ring "Matroemp" {AC+4 Str+6 Dex+4}
 43909 | Desolati | Identified Heinuic's Disquisition on Ashen Displacement
 43982 | Desolati | Received a gift from Okawaru
 44076 | Desolati | Received a gift from Okawaru
 44152 | Desolati | Identified the +7 quarterstaff "Nebeepp" {vorpal, rN+
                  | Dex+4}
 44156 | Desolati | Identified the +0 plate armour of the Bells {*Corrode MP-9
                  | Int+8}
 44304 | Desolati | Received a gift from Okawaru
 44348 | Desolati | Identified the +9 dagger "Brush" {venom, +Blink rPois}
 44353 | Desolati | Identified the ring "Irudadei" {rC- rN+ MP+9 Dex+3}
 44751 | Vaults:1 | Received a gift from Okawaru
 44931 | Vaults:1 | Received a gift from Okawaru
 45223 | Vaults:1 | Reached skill level 10 in Armour
 45461 | Vaults:1 | Reached skill level 15 in Shields
 45762 | Vaults:2 | Reached skill level 5 in Evocations
 45762 | Vaults:2 | Gained mutation: You have a pair of large horns on your
                  | head. [demonic ancestry]
 45762 | Vaults:2 | Reached XP level 21. HP: 158/165 MP: 30/30
 45833 | Vaults:2 | Reached skill level 20 in Unarmed Combat
 46393 | Vaults:2 | Received a gift from Okawaru
 46497 | Vaults:2 | Noticed Mennas
 46521 | Vaults:2 | Killed Mennas
 47040 | Vaults:3 | You are sucked into a shaft and drop 1 floor!
 47274 | Vaults:3 | Found a staircase to the Crypt.
 47274 | Vaults:3 | Found a basalt altar of Yredelemnul.
 47275 | Vaults:3 | Found an ancient bone altar of Kikubaaqudgha.
 47578 | Vaults:3 | Noticed Mara
 47580 | Vaults:3 | Noticed nht's illusion
 47813 | Vaults:3 | Received a gift from Okawaru
 48660 | Vaults:4 | Gained mutation: Your maledictions are enhanced. [demonic
                  | ancestry]
 48660 | Vaults:4 | Reached XP level 22. HP: 168/172 MP: 31/31
 48683 | Vaults:4 | wtf is that
 48903 | Vaults:4 | Identified the +6 rapier of Death {venom, rC+ Dex+7}
                  | (Okawaru gifted it to you on level 4 of the Vaults)
 48903 | Vaults:4 | Received a gift from Okawaru
 49430 | Vaults:5 | Entered Level 5 of the Vaults
 49438 | Vaults:5 | Reached skill level 10 in Evocations
 49445 | Vaults:5 | Identified the Papyrus of Creative Changing
 49493 | Vaults:5 | Received a gift from Okawaru
 49527 | Vaults:5 | Received a gift from Okawaru
 49528 | Vaults:5 | Reached skill level 21 in Unarmed Combat
 49665 | Vaults:5 | Received a gift from Okawaru
 50055 | Vaults:5 | Identified the +6 short sword of Diymnaumu {freeze, rElec}
 50059 | Vaults:5 | Identified the +1 war axe of the Silent Majority {venom,
                  | rCorr Dex+4}
 50078 | Vaults:5 | gotta stop doing that
 50083 | Vaults:5 | Noticed an ancient lich
 50103 | Vaults:5 | Killed an ancient lich
 50119 | Vaults:5 | Noticed a dread lich
 50127 | Vaults:5 | Killed a dread lich
 50127 | Vaults:5 | Received a gift from Okawaru
 50160 | Vaults:5 | Gained mutation: You are mostly covered in sharp spines.
                  | [demonic ancestry]
 50160 | Vaults:5 | Reached XP level 23. HP: 180/180 MP: 32/32
 50165 | Vaults:5 | Identified An Early Guide to Spellweaving
 50255 | Vaults:5 | Reached skill level 15 in Fighting
 50432 | Vaults:5 | HP: 7/181 [tengu reaver/+0 battleaxe (10)]
 50432 | Vaults:5 | HP: 2/181 [tengu reaver/+0 battleaxe (5)]
 50433 | Vaults:4 | Succumbed to a tengu reaver's bolt of poison

Illustrated notes ██ ███ ███ ██ ██≈███≈███≈███≈██ █≈≈≈█≈≈≈█≈≈≈█≈≈≈█ █≈...........≈█ ██...........██ ██≈...........≈██ █≈≈.█████████.≈≈█ ██≈.█[(█@█..█.≈██ ██.█..█.█..█.██ ██≈.███'''..█.≈██ █≈≈.█....█..█.≈≈█ ██≈.█.██.█..█.≈██ ██.█.██.█..█.██ ██≈.█...©█..█.≈██ █≈≈.█████████.≈≈█ ██≈.█8..©█....≈██ Turn 14338 on Gauntlet: wtf is the shit loot █................██ █..█.███████ ..................█ ██.███ █................██ .................█ . █......█.........█████.. .<.....████......█...... █.......█ ██............ ..........█.......█..█.. █..<..██........@.█ █... █...... █........██ .. ........ .......†█ ........ .......Y█ .......☼█ .......○° ......○.° ......°○. Turn 18510 on Lair:5: oops

,,***,,,,,,,,,*,,,,,**,,,*,,,**
,,**,,,,,...........██.$*,,,,,*
,,*,,,,,,.C.............**,,,**
,,,,,,,,,........█......**,,,*
,,,,*,,,,.......o█......,**,**
∩,,*,,,,*.█.....o.o$....,,***
*,***,*,*...............,,,*
*** **,,,.............█*,,**
***,,,,.......@.....█****
**,,,,,,...........$..█*
**,,,,,,*...............**
*,,,,,,,,...............,*
**,,,,,,,..^............**
***,,,,,..█.█........█.**
**,,,,.*████.......$.,*
**,*,*,,,* █.........**
*,,,,**,** **,,*,,,,**


Turn 23120 on Orc:1: oops █.............█ ██...^...█.█...█ ██..█..█████..█
█..s█..█ █... ███..█..█ ...█ █....██.. .██ ███(..█..██ .. █≈....██.█ █≈≈█ss@█
██≈.s███ ███/^█ ██.ss █.s.. ..█... █^█ .█ ≈≈ . ≈█. Turn 35961 on Spider:1: shit
defenses this time █..........█......█...... █..........█......█......
█..........█......█...... █..........█......█...... █..........████)███......
█........................ █......██████████........ █......'........█........
█......█@.......█........ █......█''████..█........ █......█.[█ *,,█........
█......█..█ *,,█........ █......█++█***++█........ █......█,,,,,+,,*,,,,,,,,
█......*,,,,,+,,*,,,,,,,, *,,,,,,**********,,,,,,,, *,,,,,,,,,,,,,,,,,,,,,,,,
Turn 48683 on Vaults:4: wtf is that ..........<<......... .........<..<.......
..........<<........ ███████........████████ ...................
█...█....█.....██ .....█....█..██.██.█ █..█.█....█..██....██ .█.
█....█..@D°.}..D █....█)██○○}...█ █....█.█ °.:}..█ █....█.. ..p.... █.. █....██
█.. .██o█ █. .█ .m. .. ██ Turn 50078 on Vaults:5: gotta stop doing that

Levels and vault maps discovered:
D:1:      heliophobic_arrival_glass_houses, layout_loops_ring,
          ebering_ecumenical_altar_webs
D:2:      minmay_diamond_boxcup, layout_rooms, grunt_decor_one_mirror,
          minmay_split_cup_small
D:3:      layout_basic, st_stairs_12, minmay_diced_spiral, uniq_grinder
D:4:      layout_basic, kennysheep_small_spiral
D:5:      layout_gridville, serial_shops, nicolae_shop_overgrown_old_shop,
          kennysheep_generic_room_3
D:6:      layout_loops_ring, hangedman_abyss_or_decor_stagger
D:7:      lemuel_bear_cage, layout_basic, minmay_temple_entry_antechambers,
          chequers_serial_rivers_small_b
D:8:      layout_basic, uniq_harold, uniq_maggie, uniq_maurice
D:9:      layout_gridville, chequers_temple_overflow_minitemple, serial_shops,
          nicolae_shop_stone
D:10:     layout_stronghold, lemuel_coloured_pillars_altar,
          nicolae_vehumet_altar_sigil, lair_entry_dummy
D:11:     layout_irregular_city, orc_0_dummy
D:12:     layout_roguey
D:13:     layout_rooms, hangedman_decor_lopped
D:14:     layout_roguey, ximxim_vaults_locker_room,
          ashenzari_conservatory_becter, serial_shops,
          nicolae_shop_temple_entry_statues_fountains, shop,
          nicolae_shop_competitors_out_of_business, shop, nicolae_benzene_ring
D:15:     grunt_enter_depths_magical_seal, layout_stronghold, serial_shops,
          shop, minivault_23
Lair:1:   statuecave_lemuel, layout_gridlike, gauntlet_entry_generic,
          grunt_forest_large_clearings, lemuel_fruit_tree
Lair:2:   layout_loops_ring, serial_forest, infiniplex_forest_lined_2,
          infiniplex_forest_clump_long, infiniplex_forest_lined_ring,
          infiniplex_forest_lined_3, infiniplex_forest_clump_long,
          infiniplex_forest_clump_medium, infiniplex_forest_split,
          infiniplex_forest_clump_tiny, infiniplex_forest_clump_curved
Lair:3:   layout_chaotic_city, uniq_snorg, uniq_gastronok
Lair:4:   layout_hall_layers, shoals_dummy_entry, spider_nest_entry_a,
          eino_small_chamber_without_monster, hangedman_lair_unloving_vines,
          grunt_megastairs_4, lemuel_fruit_fields
Lair:5:   layout_small_grid, minmay_slime_entry_pillars, beast_lair_carwin_4,
          grunt_megastairs_3, serial_bayou_shore_b, serial_bayou_shore_a
Lair:6:   hangedman_lair_caniforms_friends, layout_cave_pods,
          grunt_forest_small_clearing_treed, grunt_megastairs_5
Shoals:1: layout_shoals, nicolae_shoals_undead_eyrie
Shoals:2: layout_shoals, uniq_frances
Shoals:3: layout_shoals
Shoals:4: shoals_end_hangedman, layout_shoals, uniq_bai_suzhen, uniq_polyphemus
Spider:1: layout_spider_delve, guppyfry_hornet_nest
Spider:2: layout_spider_delve, ebering_ghost_xom, hangedman_spider_mandibles,
          hangedman_stitches_earthworm, uniq_aizul, uniq_roxanne, uniq_louise
Spider:3: layout_spider_delve
Spider:4: guppyfry_spider_rune, hangedman_spider_tarantella_strand
Orc:1:    layout_caves, serial_shops, nicolae_shop_trees, shop,
          nicolae_shop_statue_plus, shop, nicolae_shop_crystal
Orc:2:    st_orc_town, layout_caves, gammafunk_ghost_fury_of_okawaru,
          uniq_azrael
Elf:1:    layout_onion_city, basic_altar, serial_shops, shop,
          nicolae_shop_overgrown_old_shop, shop, nicolae_shop_behind_doors,
          shop, minmay_elf_necromancy, minmay_shoptagon
Elf:2:    layout_loops_cross
Elf:3:    grunt_elf_hall_diamonds, layout_geoelf_diagonals, serial_shops, shop
Vaults:1: hangedman_vaults_hat, hangedman_vaults_stagger,
          vaults_mumra_minichess_inversion, v_misc_25, v_rooms_1,
          ontoclasm_vaults_fault, hangedman_vaults_snaps,
          vaults_room_grunt_arrival_ludios, grunt_vaults_hallway_short,
          vaults_dpeg_diagonal, layout_vaults_omnibox, serial_shops, shop,
          portal_desolation_entry_twin_temple
Vaults:2: ontoclasm_vaults_pinch, v_pattern_1, ontoclasm_vaults_eye,
          st_smaller_cells, hangedman_vaults_variations, vaults_room_fours,
          v_misc_3, v_misc_16, nicolae_vaults_border_crossing,
          nicolae_vaults_hallways_thing, v_misc_24, layout_vaults_maze,
          uniq_mennas
Vaults:3: nicolae_vaults_puzzle_piece, v_rooms_4, vaults_standard_mumra_lines,
          v_misc_26, hangedman_vaults_trim, nicolae_vaults_asterisk,
          minmay_crypt_entry_necro_gods, dpeg_vaults_monster_box,
          layout_vaults_big_room, uniq_mara
Vaults:4: grunt_vaults_twisty, vaults_room_pool, vaults_room_door_ring,
          ontoclasm_vaults_decontamination, nicolae_vaults_an_arrangement,
          v_misc_25, v_pattern_2, nicolae_vaults_specimen_jars,
          layout_vaults_omnigrid
Vaults:5: serial_shops

Skill      XL: |  1  2  3  4  5  6  7  8  9 10 11 12 13 14 15 16 17 18 19 20 21 22 23 |
---------------+----------------------------------------------------------------------+-----
Evocations     | 4 5 9 11 | 11.0
Unarmed Combat | 1 4 5 6 8 11 12 13 14 15 16 17 18 19 20 21 | 21.5
Invocations    | 3 5 9 12 | 12.0
Throwing       | 5 7 9 11 12 13 14 15 16 | 16.0
Fighting       | 5 8 10 11 12 14 15 | 15.1
Shields        | 1 4 7 9 10 12 13 14 15 | 15.0
Armour         | 5 6 8 10 12 13 | 13.9
Dodging        | |  0.8
Stealth        | |  0.8

Action                   |  1- 3 |  4- 6 |  7- 9 | 10-12 | 13-15 | 16-18 | 19-21 | 22-24 || total
-------------------------+-------+-------+-------+-------+-------+-------+-------+-------++-------
Melee: Club              |     4 |       |       |       |       |       |       |       ||     4
       Dagger            |   154 |     7 |       |       |       |       |       |       ||   161
       Kick              |    38 |     1 |       |       |       |   195 |   349 |    89 ||   672
       Punch             |     1 |     3 |     7 |    16 |       |       |       |       ||    27
       Long sword        |       |    47 |       |       |       |       |       |       ||    47
       Unarmed           |       |    76 |   161 |   256 |   726 |   587 |   736 |   167 ||  2709
       Headbutt          |       |       |     6 |    49 |   171 |   122 |   204 |    57 ||   609
Throw: Boomerang         |       |       |       |   171 |   337 |   941 |   477 |   219 ||  2145
       Javelin           |       |       |       |     5 |    44 |    36 |    73 |    36 ||   194
       Dart              |       |       |       |     3 |     4 |     4 |     2 |     3 ||    16
Invok: Heroism           |       |     3 |     1 |    15 |    20 |    14 |     6 |     2 ||    61
       Finesse           |       |       |       |       |     4 |    10 |     8 |     3 ||    25
Evoke: Wand              |    18 |     5 |    45 |    35 |    37 |    40 |    66 |     6 ||   252
       Piece from Xom's  |       |     6 |    19 |     9 |       |       |       |       ||    34
       Phantom mirror    |       |       |       |       |     1 |     1 |       |       ||     2
       Phial of floods   |       |       |       |       |       |     1 |       |       ||     1
  Use: Scroll            |       |     8 |     8 |     7 |     6 |     7 |     3 |     3 ||    42
       Potion            |       |       |       |     1 |       |     1 |     4 |     1 ||     7
 Stab: Sleeping          |     3 |     2 |       |       |     3 |     2 |       |       ||    10
       Paralysed         |       |       |     5 |       |       |       |       |       ||     5
       Confused          |       |       |       |     1 |       |       |       |       ||     1
       Distracted        |       |       |       |       |     1 |       |       |       ||     1
Armor: Leather armour    |    47 |    47 |    31 |    95 |   216 |   171 |       |       ||   607
       Chain mail        |       |       |       |       |       |    22 |   198 |    23 ||   243
Dodge: Dodged            |    81 |    68 |    49 |   123 |   274 |   193 |   111 |    29 ||   928
Block: Buckler           |       |       |       |     3 |   138 |       |       |       ||   141
       Kite shield       |       |       |       |       |    47 |   344 |   315 |    66 ||   772
       Rpst.: Long sword |       |     4 |       |       |       |       |       |       ||     4

Table legend: (Time is in decaauts)
 A = Elapsed time spent in this place.
 B = Non-inter-level travel time spent in this place.
 C = Inter-level travel time spent in this place.
 D = Time resting spent in this place.
 E = Time spent auto-exploring this place.
 F = Levels seen in this place.
 G = Mean time per level.
                   A        B        C        D        E       F      G
               +--------+--------+--------+--------+--------+-----+--------+
         Total |  48728 |  45418 |   3310 |   1812 |  35879 |  41 | 1188.5 |
       Dungeon |  17446 |  16164 |   1282 |    267 |  13988 |  15 | 1163.1 |
          Lair |   7846 |   7257 |    589 |      0 |   6151 |   6 | 1307.7 |
        Shoals |   7056 |   6722 |    334 |    639 |   5144 |   4 | 1764.0 |
   Spider Nest |   3082 |   2860 |    222 |     83 |   2121 |   4 |  770.5 |
  Orcish Mines |   2412 |   2173 |    239 |    184 |   1579 |   2 | 1206.0 |
   Elven Halls |   3773 |   3453 |    320 |    158 |   2420 |   3 | 1257.7 |
        Vaults |   5620 |   5300 |    320 |    160 |   3758 |   5 | 1124.0 |
    Desolation |    770 |    770 |      0 |      0 |    512 |   1 |  770.0 |
      Gauntlet |    719 |    719 |      0 |    321 |    206 |   1 |  719.0 |
               +--------+--------+--------+--------+--------+-----+--------+

Top non-repeatable levels by time:
Shoals:4: 2418 daAuts
  Lair:6: 1951 daAuts
Shoals:3: 1914 daAuts
Shoals:1: 1750 daAuts
  Lair:5: 1671 daAuts
   Orc:2: 1638 daAuts
     D:2: 1539 daAuts
Vaults:4: 1534 daAuts
   Elf:2: 1505 daAuts
     D:1: 1441 daAuts
     D:6: 1385 daAuts
     D:5: 1385 daAuts
  Lair:2: 1293 daAuts
    D:14: 1265 daAuts
    D:11: 1257 daAuts
